 Dungeon Crawl Stone Soup version 0.26-a0-812-g31a745ddcd (webtiles) character file.

Game seed: 9150224098174427427

1248 night the Stinger (level 8, -21/52 HPs)
             Began as a Demonspawn Venom Mage on Dec 2, 2020.
             Was a Believer of Sif Muna.
             Hit by a large rock thrown by a cyclops (44 damage)
             ... on level 7 of the Dungeon.
             The game lasted 00:17:40 (7122 turns).

night the Stinger (Demonspawn Venom Mage)           Turns: 7122, Time: 00:17:41

Health: -21/52     AC:  4    Str:  9    XL:     8   Next: 26%
Magic:  10/18      EV: 12    Int: 18    God:    Sif Muna [**....]
Gold:   206        SH:  0    Dex: 14    Spells: 9/20 levels left

rFire    + . .     SeeInvis +   r - +0 short sword (vamp)
rCold    . . .     Faith    .   (no shield)
rNeg     . . .     Spirit   .   a - +0 robe
rPois    .         Reflect  .   (helmet unavailable)
rElec    .         Harm     .   (no cloak)
rCorr    .         Rampage  .   x - +1 pair of gloves
MR       .....                  (no boots)
Stlth    ++........             B - amulet of regeneration
HPRegen  0.57/turn              j - ring of protection from fire
MPRegen  0.16/turn              q - ring of wizardry

@: radiating poison
A: antennae 3, claws 1, talons 1, demonic guardian 1, powered by pain 1
a: Channel Magic, Renounce Religion


You were on level 7 of the Dungeon.
You worshipped Sif Muna.
Sif Muna was pleased with you.
You visited 1 branch of the dungeon, and saw 7 of its levels.

You collected 328 gold pieces.
You spent 122 gold pieces at shops.

Inventory:

Hand Weapons
 g - a +0 hand axe
 r - a +0 vampiric short sword (weapon)
 y - a +1 dagger of venom
Missiles
 C - 26 poisoned darts (quivered)
Armour
 a - a +0 robe (worn)
 x - a +1 pair of gloves (worn)
Jewellery
 h - an uncursed ring of positive energy
 j - a ring of protection from fire (left hand)
 q - a ring of wizardry (right hand)
 B - an amulet of regeneration (around neck)
Wands
 D - a wand of iceblast (8)
Scrolls
 e - 7 scrolls of teleportation
 f - 2 scrolls of amnesia {unknown}
 l - a scroll of enchant weapon {unknown}
 n - 2 scrolls of remove curse {unknown}
 o - a scroll of fog
 p - a scroll of immolation {unknown}
 s - a scroll of enchant armour {unknown}
 u - 3 scrolls of identify
 w - 3 scrolls of blinking {unknown}
 A - 2 scrolls of magic mapping {unknown}
Potions
 b - 6 potions of heal wounds
 c - a potion of degeneration {unknown}
 d - a potion of might
 i - 3 potions of resistance
 k - 2 potions of attraction
 m - 2 potions of curing
 t - 2 potions of haste {unknown}
 v - a potion of magic {unknown}
 z - a potion of mutation {unknown}
 E - a potion of lignification {unknown}


   Skills:
 - Level 1.7 Dodging
 - Level 1.7 Stealth
 + Level 6.7 Spellcasting
 - Level 0.8 Transmutations
 + Level 7.7 Poison Magic


You had 9 spell levels left.
You knew the following spells:

 Your Spells              Type           Power        Failure   Level
a - Sting                 Tmut/Pois      ###.         1%          1
b - Mephitic Cloud        Conj/Pois/Air  ###.....     4%          3
c - Ignite Poison         Fire/Tmut/Pois ###.....     4%          3
d - Olgreb's Toxic Radia  Pois           ####....     1%          4

Your spell library contained the following spells:

 Spells                   Type           Power        Failure   Level
 Poisonous Vapours        Pois/Air       ###...       1%          2


Dungeon Overview and Level Annotations

Branches:
Dungeon (7/15)
 Temple: D:4-7

Altars:
Fedhas
Hepliaklqana
Makhleb
Nemelex Xobeh
Okawaru
Qazlal
Sif Muna
Uskayaw
Zin

Shops:
D:4 **[!


Innate Abilities, Weirdness & Mutations

You have a pair of large antennae on your head. (SInv)
You have sharp fingernails.
You have sharp toenails.
A weak demonic guardian rushes to your aid.
You sometimes gain a little power by taking damage.


Message History

Confirm with . or Enter, or press ? or * to list all spells.
Aiming: Sting (safe; 1% risk of failure)
Press: ? - help, Shift-Dir - straight line, f - worker ant
Aim: a worker ant (lightly wounded, very poisoned)
Your demonic guardian avoids your attack.
The sting hits the worker ant.
The worker ant looks even sicker.
The worker ant is moderately wounded.
The worker ant looks as sick as possible!
Your toxic aura wanes.
You kill the worker ant!
Sif Muna accepts your kill.
Casting: Sting (safe; 1% risk of failure)
Confirm with . or Enter, or press ? or * to list all spells.
You begin to radiate toxic energy.
The cyclops is poisoned.
The cyclops looks even sicker.
Your ufetubus is poisoned.
Your iron imp disappears in a puff of smoke!
The cyclops throws a large rock.
The large rock hits you!!!
Ouch! That really hurt!
You die...

..>.....#.# #.#.#####
######..#.# ######.#.....#
######..#.###.....(#.....#.#
................>..#<......#
..####..#.###...............
####.# ##....##.###### ..#
#........# #######....##..#
# ......5@.##..#
#.#####.#§###..# ........#†#
#..# ........#.###..#
...............#
#.#####.#.###.## #.....#.#
#..C#.#.# #...#.#.#


You could see a cyclops (very poisoned) and a friendly ufetubus (summoned,
poisoned).

Vanquished Creatures
  A phantom (D:6)
  A black bear (D:6)
  An ice beast (D:5)
  A centaur (D:6)
  A bullfrog (D:6)
  A scorpion (D:4)
  3 killer bees (D:7)
  A centaur zombie (D:6)
  A hound (D:5)
  An orc priest (D:6)
  2 bullfrog skeletons (D:5)
  A centaur skeleton (D:5)
  An iguana (D:4)
  4 orc wizards
  3 worker ants
  Robin (D:3)
  9 gnolls
  A worker ant zombie (D:5)
  7 adders
  2 ufetubi
  An ooze (D:4)
  An adder zombie (D:5)
  2 worms (D:2)
  2 dart slugs
  2 leopard geckos
  12 orcs
  8 giant cockroaches
  10 goblins
  2 hobgoblins (D:3)
  3 jackals (D:3)
  3 quokkas
  10 bats
  8 frilled lizards
  10 kobolds
  5 rats
122 creatures vanquished.

Vanquished Creatures (collateral kills)
  A hound (D:5)
  A centaur skeleton (D:5)
  An orc wizard (D:5)
  An orc (D:5)
4 creatures vanquished.

Grand Total: 126 creatures vanquished

Notes
Turn   | Place    | Note
-------+----------+-------------------------------------------
     0 | D:1      | night the Demonspawn Venom Mage began the quest for the
                  | Orb.
     0 | D:1      | Reached XP level 1. HP: 13/13 MP: 3/3
   345 | D:1      | Gained mutation: You have a pair of small antennae on your
                  | head. [demonic ancestry]
   345 | D:1      | Reached XP level 2. HP: 19/19 MP: 3/5
   394 | D:1      | You fall into a shaft and drop 1 floor!
  1108 | D:2      | Gained mutation: You have a pair of antennae on your head.
                  | [demonic ancestry]
  1108 | D:2      | Reached XP level 3. HP: 24/24 MP: 2/7
  1610 | D:2      | Learned a level 3 spell: Mephitic Cloud
  1614 | D:2      | Learned a level 3 spell: Ignite Poison
  2171 | D:2      | Found a shimmering blue altar of Sif Muna.
  2388 | D:3      | Reached skill level 4 in Poison Magic
  2388 | D:3      | Gained mutation: You have sharp toenails. [demonic
                  | ancestry]
  2388 | D:3      | Reached XP level 4. HP: 23/30 MP: 2/8
  2586 | D:3      | Found a burning altar of Makhleb.
  2744 | D:2      | Became a worshipper of Sif Muna the Loreminder
  2813 | D:3      | Found an iron altar of Okawaru.
  2898 | D:3      | Found a sparkling altar of Nemelex Xobeh.
  2929 | D:3      | Noticed Robin
  2933 | D:3      | Killed Robin
  3470 | D:3      | Reached * piety under Sif Muna
  3772 | D:3      | Gained mutation: A weak demonic guardian rushes to your
                  | aid. [demonic ancestry]
  3772 | D:3      | Reached XP level 5. HP: 35/35 MP: 10/10
  4016 | D:4      | Found Hauf's Antique Armour Boutique.
  4091 | D:4      | Found a glowing silver altar of Zin.
  4296 | D:4      | Found a glowing drain.
  4375 | D:4      | Reached skill level 5 in Poison Magic
  4381 | D:4      | Learned a level 4 spell: Olgreb's Toxic Radiance
  4567 | D:4      | Gained mutation: You have a pair of large antennae on your
                  | head. (SInv) [demonic ancestry]
  4567 | D:4      | Reached XP level 6. HP: 41/41 MP: 9/12
  4651 | D:4      | Found Raloulie's Distillery.
  4655 | D:4      | Bought a potion of heal wounds for 70 gold pieces
  4704 | D:4      | Found a hazy altar of Hepliaklqana.
  4765 | D:4      | Found Uskiz's General Store.
  4774 | D:4      | Bought a scroll of identify for 24 gold pieces
  4833 | D:4      | Found Raiwez's General Store.
  4836 | D:4      | Bought a scroll of fog for 28 gold pieces
  4920 | D:5      | Entered Level 5 of the Dungeon
  4946 | D:5      | Found a blossoming altar of Fedhas.
  5425 | D:5      | Reached skill level 5 in Spellcasting
  5620 | D:5      | Reached skill level 6 in Poison Magic
  5717 | D:5      | Found a hide-covered altar of Uskayaw.
  5723 | D:5      | Gained mutation: You have sharp fingernails. [demonic
                  | ancestry]
  5723 | D:5      | Reached XP level 7. HP: 46/46 MP: 9/14
  5727 | D:5      | Reached ** piety under Sif Muna
  5903 | D:5      | Found a stormy altar of Qazlal.
  6506 | D:6      | Reached skill level 7 in Poison Magic
  6519 | D:6      | Gained mutation: You sometimes gain a little power by
                  | taking damage. [demonic ancestry]
  6519 | D:6      | Reached XP level 8. HP: 52/52 MP: 2/17
  7102 | D:7      | Noticed a cyclops
  7122 | D:7      | Hit by a large rock thrown by a cyclops

Illustrated notes

Levels and vault maps discovered:
D:1:      minmay_arrival_doors, layout_loops_ring
D:2:      layout_loops_corners, nicolae_overflow_hidden_temple
D:3:      layout_loops_corners, old_standard_altar, okawaru_gym_becter,
          nemelex_lonely_heart_becter, uniq_robin
D:4:      layout_basic, zin_academy, lemuel_round_altar, gup_sewer_entry_glass,
          serial_shops, kennysheep_mini, nicolae_shop_crystal, shop,
          kennysheep_mini_moat
D:5:      layout_rooms, eat_drink_and_be_merry_uskayaw, lemuel_crystal_altar,
          fedhas_ov_isle_minmay
D:6:      layout_basic
D:7:      layout_basic, fiery_altar_vehumet, temple_hall

Skill      XL: |  1  2  3  4  5  6  7 |
---------------+----------------------+-----
Spellcasting   | 3 4 5 6 |  6.7
Poison Magic   | 4 5 6 7 |  7.7
Dodging        | |  1.7
Stealth        | |  1.7
Transmutations | |  0.8

Action                   |  1- 3 |  4- 6 |  7- 9 || total
-------------------------+-------+-------+-------++-------
Melee: Unarmed           |     4 |       |       ||     4
       Hand axe          |    16 |    35 |       ||    51
       Short sword       |       |    69 |    65 ||   134
       Kick              |       |    27 |    12 ||    39
 Cast: Sting             |    53 |    72 |    14 ||   139
       Olgreb's Toxic Ra |       |     8 |    14 ||    22
       Mephitic Cloud    |       |     2 |       ||     2
       Ignite Poison     |       |       |     2 ||     2
  Use: Scroll            |     3 |     3 |       ||     6
 Stab: Sleeping          |     1 |     2 |     1 ||     4
Armor: Robe              |     8 |    37 |    16 ||    61
Dodge: Dodged            |    30 |   106 |    61 ||   197

Table legend: (Time is in decaauts)
 A = Elapsed time spent in this place.
 B = Non-inter-level travel time spent in this place.
 C = Inter-level travel time spent in this place.
 D = Time resting spent in this place.
 E = Time spent auto-exploring this place.
 F = Levels seen in this place.
 G = Mean time per level.
                   A        B        C        D        E       F      G
               +--------+--------+--------+--------+--------+-----+--------+
         Total |   7150 |   6929 |    221 |   1267 |   4472 |   7 | 1021.4 |
       Dungeon |   7150 |   6929 |    221 |   1267 |   4472 |   7 | 1021.4 |
               +--------+--------+--------+--------+--------+-----+--------+

Top non-repeatable levels by time:
     D:3: 1584 daAuts
     D:2: 1354 daAuts
     D:5: 1155 daAuts
     D:4: 1067 daAuts
     D:1: 1011 daAuts
     D:6: 800 daAuts
     D:7: 176 daAuts
